 Dungeon Crawl Stone Soup version 0.27-a0-590-g94244163b4 (webtiles) character file.

Game seed: 5440652172448813265

14324 wakim the Fighter (level 12, -5/99 HPs)
             Began as a Gnoll Wanderer on Mar 10, 2021.
             Was a High Priest of Dithmenos.
             Slain by a five-headed hydra (10 damage)
             ... on level 11 of the Dungeon.
             The game lasted 00:48:52 (17102 turns).

wakim the Fighter (Gnoll Wanderer)                 Turns: 17102, Time: 00:48:54

Health: -5/99      AC: 11    Str: 27    XL:     12   Next: 15%
Magic:  31/31      EV: 13    Int: 10    God:    Dithmenos [*****.]
Gold:   667        SH:  7    Dex: 12    Spells: 22/25 levels left

rFire    . . .     SeeInvis .   b - +2 hand crossbow
rCold    . . .     Faith    .   l - +2 buckler
rNeg     . . .     Spirit   .   Q - +1 ring mail "Ficwel" {Str+3}
rPois    +         Reflect  .   S - +0 helmet
rElec    .         Harm     .   (no cloak)
rCorr    .         Rampage  .   e - +1 pair of gloves of the Ninety-Nine Beasts {rPois MP+9}
Will     .....                  (no boots)
Stlth    ++++......             v - amulet of the acrobat
HPRegen  0.26/turn              y - ring of flight
MPRegen  0.22/turn              i - +6 ring of strength

@: wreathed by umbra
A: fangs 1, strong nose, distributed training
a: Renounce Religion, Evoke Flight, Shadow Step, Shadow Form


You were on level 11 of the Dungeon.
You worshipped Dithmenos.
Dithmenos was extremely pleased with you.
You visited 3 branches of the dungeon, and saw 13 of its levels.
You also visited: Ossuary.

You collected 667 gold pieces.

Inventory:

Hand Weapons
 a - the +12 hand axe "Sobus" {vorpal, rF+ Str+4}
   (You found it on level 8 of the Dungeon)

   It inflicts extra damage upon your enemies.
   It affects your strength (+4).
   It protects you from fire.
 b - a +2 hand crossbow (weapon)
 c - a +1 battleaxe
 K - a +2 shortbow of flaming
 N - a +2 rapier of electrocution
 T - a +3 scimitar of freezing
Missiles
 C - 22 boomerangs
 H - 113 bolts (quivered ammo)
 L - 199 arrows
 U - 4 boomerangs of dispersal
Armour
 e - the +1 pair of gloves of the Ninety-Nine Beasts (worn) {rPois MP+9}
   (You acquired it on level 11 of the Dungeon)

   It protects you from poison.
   It affects your magic capacity (+9).
 l - a +2 buckler (worn)
 M - a +1 leather armour of willpower
 Q - the +1 ring mail "Ficwel" (worn) {Str+3}
   (You found it on level 9 of the Dungeon)

   It affects your strength (+3).
 S - a +0 helmet (worn)
Jewellery
 f - a ring of ice
 h - a ring of ice
 i - a +6 ring of strength (left hand)
 r - a ring of fire
 v - an amulet of the acrobat (around neck)
 y - a ring of flight (right hand)
 E - a ring of wizardry
Wands
 t - a wand of mindburst (14)
 u - a wand of digging (4)
 w - a wand of charming (21)
 I - a wand of iceblast (18)
 O - a wand of polymorph (6)
Scrolls
 d - 5 scrolls of fog
 m - a scroll of identify
 n - 7 scrolls of blinking
 x - 3 scrolls of fear
 B - 3 scrolls of magic mapping
 F - 2 scrolls of enchant armour
 P - a scroll of amnesia
 R - 5 scrolls of teleportation
Potions
 g - 2 potions of haste
 j - 5 potions of might
 k - 4 potions of brilliance
 o - 2 potions of degeneration {unknown}
 p - 5 potions of curing
 q - a potion of heal wounds
 s - a potion of mutation {unknown}
 z - a potion of cancellation {unknown}
 A - 3 potions of flight
 D - a potion of berserk rage {unknown}
 G - 2 potions of resistance


   Skills:
 + Level 10.9 Fighting
 + Level 7.0 Short Blades
 + Level 7.0 Long Blades
 + Level 7.0 Axes
 + Level 7.0 Maces & Flails
 + Level 7.0 Polearms
 + Level 7.0 Staves
 + Level 7.0 Slings
 + Level 7.0 Bows
 + Level 7.5 Crossbows
 + Level 7.0 Throwing
 + Level 7.0 Armour
 + Level 7.0 Dodging
 + Level 7.4 Stealth
 + Level 7.5 Shields
 + Level 7.0 Unarmed Combat
 + Level 7.0 Spellcasting
 + Level 5.8 Conjurations
 + Level 5.8 Hexes
 + Level 5.8 Summonings
 + Level 5.8 Necromancy
 + Level 5.8 Translocations
 + Level 5.8 Transmutations
 + Level 8.1 Fire Magic
 + Level 5.8 Ice Magic
 + Level 5.8 Air Magic
 + Level 5.8 Earth Magic
 + Level 5.8 Poison Magic
 + Level 7.7 Invocations
 + Level 7.0 Evocations


You had 22 spell levels left.
You knew the following spells:

 Your Spells              Type           Power      Damage    Failure   Level
a - Dazzling Flash        Conj/Hex       30%        N/A       7%          3

Your spell library contained the following spells:

 Spells                   Type           Power      Damage    Failure   Level
 Foxfire                  Conj/Fire      68%        2x1d7     1%          1
 Corona                   Hex            16%        N/A       2%          1
 Magic Dart               Conj           60%        1d6       2%          1
 Searing Ray              Conj           30%        3d4       3%          2
 Slow                     Hex            15%        N/A       3%          2
 Conjure Flame            Conj/Fire      17%        6-21      4%          3
 Inner Flame              Hex/Fire       17%        N/A       4%          3
 Mephitic Cloud           Conj/Pois/Air  15%        N/A       7%          3
 Portal Projectile        Hex/Tloc       30%        N/A       7%          3
 Cause Fear               Hex            7%         N/A       24%         4
 Fulminant Prism          Conj/Hex       7%         3d7       24%         4
 Iskenderun's Mystic Bla  Conj/Tloc      15%        2d5       24%         4
 Leda's Liquefaction      Hex/Erth       7%         N/A       24%         4


Dungeon Overview and Level Annotations

Branches:
Dungeon (11/15)            Temple (1/1) D:7            Lair (1/6) D:11
    Orc (0/2) D:9         Ossuary (visited)

Altars:
Ashenzari
Dithmenos
Fedhas
Kikubaaqudgha
Sif Muna

Shops:
D:8 (   D:9 =

Annotations:
D:10 3 runed translucent doors, kae's ghost, novice NaTm


Innate Abilities, Weirdness & Mutations

You have very sharp teeth.
Your uncanny sense of smell can sniff out nearby items.
Your experience applies equally to all skills.


Message History

* * * LOW HITPOINT WARNING * * *
You block the five-headed hydra's attack.
The five-headed hydra misses you.
The five-headed hydra barely misses you.
There is an open door here.
b - a +2 hand crossbow (weapon)
There is an open door here.
There is a staircase back to the Dungeon here.
The five-headed hydra closely misses you.
The five-headed hydra bites you but does no damage. x2
You block the five-headed hydra's attack. x2
You climb upwards.
Welcome back to the Dungeon!
There is a staircase to the Lair here.
Aiming: Mindburst
Press: ? - help, Shift-Dir - straight line
Okay, then.
Aiming: Iceblast
Press: ? - help, Shift-Dir - straight line The mass of ice explodes!
The iceblast engulfs the five-headed hydra!!
The five-headed hydra is moderately wounded.
The five-headed hydra bites you!
* * * LOW HITPOINT WARNING * * *
The five-headed hydra closely misses you.
You block the five-headed hydra's attack.
The five-headed hydra bites you.
* * * LOW HITPOINT WARNING * * *
You block the five-headed hydra's attack.
Aiming: Iceblast
Press: ? - help, Shift-Dir - straight line The mass of ice explodes!
The iceblast engulfs the five-headed hydra!!
The five-headed hydra is heavily wounded.
The five-headed hydra bites you!
* * * LOW HITPOINT WARNING * * *
The five-headed hydra bites you!
* * * LOW HITPOINT WARNING * * *
The five-headed hydra closely misses you.
The five-headed hydra bites you!
You die...

#.........#.......#...###.
##.####....[####..###...##
#.##.........##..###.....
#.#...........#..##......
#...............<#.......
#.......>................
##.......................
##.....D.....#..........
##....@....##..........
###.....####..........
###....#............
#.<.............##
##................
##.###...#....... ###
##.......... ##.........
#.........


You could see a five-headed hydra.

Vanquished Creatures
  2 two-headed ogres
  A death yak (D:9)
  Urug (D:11)
  An unseen horror (D:7)
  An ugly thing (D:10)
  A cyclops (D:10)
  A black mamba (Lair:1)
  A gargoyle (D:10)
  2 cane toads (Lair:1)
  A polar bear (D:10)
  A hornet (D:9)
  Prince Ribbit (D:8)
  Sigmund (D:2)
  A wraith (D:3)
  Eustachio (D:6)
  6 yaks
  5 wargs
  6 water moccasins
  4 orc warriors
  2 black bears (D:11)
  10 ogres
  A sky beast (D:10)
  An eye of draining (D:11)
  8 ice beasts
  7 centaurs
  6 wolves
  A phantom (D:6)
  2 kobold brigands
  6 bullfrogs
  4 scorpions
  6 killer bees (D:10)
  6 wights
  4 electric eels
  2 quasits
  2 bullfrog zombies
  A centaur zombie (D:8)
  3 hounds
  7 orc priests
  3 jellies
  Terence (D:2)
  5 iguanas
  11 orc wizards
  9 worker ants
  A killer bee zombie (D:7)
  A worker ant zombie (D:9)
  12 adders
  3 shadow imps
  6 white imps
  2 worker ant simulacra
  4 ufetubi
  2 oozes (D:3)
  An adder skeleton (D:5)
  An adder zombie (D:6)
  3 worms
  A dart slug (D:3)
  An adder simulacrum (D:10)
  7 leopard geckos
  41 orcs
  3 ball pythons
  12 giant cockroaches
  5 goblins
  7 hobgoblins
  2 jackals (D:6)
  6 quokkas
  2 ball python skeletons (Ossuary)
  8 bats
  5 frilled lizards
  A hobgoblin skeleton (Ossuary)
  3 hobgoblin zombies (Ossuary)
  2 jackal skeletons
  13 kobolds
  2 kobold zombies (Ossuary)
  An orc skeleton (Ossuary)
  A quokka simulacrum (D:10)
  10 rats
315 creatures vanquished.

Vanquished Creatures (others)
  A fungus (Lair:1)
  3 plants
4 creatures vanquished.

Grand Total: 319 creatures vanquished

Notes
Turn   | Place    | Note
-------+----------+-------------------------------------------
     0 | D:1      | wakim the Gnoll Wanderer began the quest for the Orb.
     0 | D:1      | wakim set off with the following items: a +2 hand crossbow,
                  | 24 bolts, a +0 robe; and the following spell memorised:
                  | Foxfire; and the following spells available to memorise:
                  | Conjure Flame, Mephitic Cloud
     0 | D:1      | Reached XP level 1. HP: 26/26 MP: 1/1
   358 | D:1      | Reached XP level 2. HP: 33/33 MP: 2/2
   975 | D:2      | Noticed Terence
   997 | D:2      | Killed Terence
   998 | D:2      | Reached skill level 1 in Invocations
   998 | D:2      | Reached XP level 3. HP: 25/38 MP: 2/4
  1057 | D:2      | Reached skill level 1 in Short Blades
  1057 | D:2      | Reached skill level 1 in Long Blades
  1057 | D:2      | Reached skill level 1 in Axes
  1057 | D:2      | Reached skill level 1 in Maces & Flails
  1057 | D:2      | Reached skill level 1 in Polearms
  1057 | D:2      | Reached skill level 1 in Staves
  1057 | D:2      | Reached skill level 1 in Slings
  1057 | D:2      | Reached skill level 1 in Bows
  1057 | D:2      | Reached skill level 1 in Throwing
  1057 | D:2      | Reached skill level 1 in Armour
  1057 | D:2      | Reached skill level 1 in Dodging
  1057 | D:2      | Reached skill level 1 in Unarmed Combat
  1057 | D:2      | Reached skill level 1 in Spellcasting
  1057 | D:2      | Reached skill level 1 in Evocations
  1177 | D:2      | Found a faded altar of an unknown god.
  1177 | D:2      | Noticed Sigmund
  1628 | D:2      | Reached XP level 4. HP: 34/45 MP: 5/5
  1751 | D:2      | Killed Sigmund
  1752 | D:2      | Reached skill level 1 in Conjurations
  1752 | D:2      | Reached skill level 1 in Hexes
  1752 | D:2      | Reached skill level 1 in Summonings
  1752 | D:2      | Reached skill level 1 in Necromancy
  1752 | D:2      | Reached skill level 1 in Translocations
  1752 | D:2      | Reached skill level 1 in Transmutations
  1752 | D:2      | Reached skill level 1 in Ice Magic
  1752 | D:2      | Reached skill level 1 in Air Magic
  1752 | D:2      | Reached skill level 1 in Earth Magic
  1752 | D:2      | Reached skill level 1 in Poison Magic
  1752 | D:2      | Reached XP level 5. HP: 23/51 MP: 5/7
  1752 | D:2      | Reached XP level 6. HP: 26/57 MP: 5/8
  1975 | D:2      | Became a worshipper of Dithmenos the Shadowed
  1975 | D:2      | Reached * piety under Dithmenos
  2615 | D:3      | Found a blossoming altar of Fedhas.
  2849 | D:3      | Reached ** piety under Dithmenos
  2882 | D:3      | Found a shimmering blue altar of Sif Muna.
  3182 | D:4      | Found a sand-covered staircase.
  3189 | Ossuary  | Entered an ossuary
  3331 | Ossuary  | Noticed a flying skull
  3331 | Ossuary  | Noticed a wraith
  3338 | Ossuary  | Noticed a flying skull
  3343 | Ossuary  | Noticed a wraith
  3358 | Ossuary  | Noticed a flying skull
  3369 | Ossuary  | Noticed a flying skull
  3381 | Ossuary  | Noticed a flying skull
  3519 | Ossuary  | Noticed a wraith
  3723 | D:3      | Killed a wraith
  3724 | D:3      | Reached XP level 7. HP: 55/63 MP: 10/10
  4008 | D:4      | Reached skill level 9 in Fighting
  4898 | D:5      | Entered Level 5 of the Dungeon
  4919 | D:4      | Reached XP level 8. HP: 54/71 MP: 12/12
  6171 | D:6      | Reached *** piety under Dithmenos
  6550 | D:6      | Noticed Eustachio
  7011 | D:6      | Killed Eustachio
  7698 | D:6      | Reached XP level 9. HP: 54/76 MP: 14/14
  8287 | D:7      | Noticed a five-headed hydra
  8461 | D:7      | Killed an unseen horror
  8462 | D:7      | Reached skill level 5 in Crossbows
  8462 | D:7      | Reached skill level 5 in Stealth
  8462 | D:7      | Reached skill level 5 in Shields
  8738 | D:7      | Found a staircase to the Ecumenical Temple.
  8747 | Temple   | Entered the Ecumenical Temple
  9349 | D:8      | Reached skill level 5 in Invocations
  9655 | D:8      | Identified the +12 hand axe "Sobus" {vorpal, rF+ Str+4}
  9688 | D:8      | Found Acywnat's Weapon Shoppe.
  9802 | D:8      | Noticed Prince Ribbit
  9810 | D:8      | Killed Prince Ribbit
  9825 | D:8      | Reached XP level 10. HP: 85/85 MP: 17/17
 10162 | D:9      | Noticed a two-headed ogre
 10173 | D:9      | Killed a two-headed ogre
 10174 | D:9      | Reached skill level 5 in Short Blades
 10174 | D:9      | Reached skill level 5 in Long Blades
 10174 | D:9      | Reached skill level 5 in Axes
 10174 | D:9      | Reached skill level 5 in Maces & Flails
 10174 | D:9      | Reached skill level 5 in Polearms
 10174 | D:9      | Reached skill level 5 in Staves
 10174 | D:9      | Reached skill level 5 in Slings
 10174 | D:9      | Reached skill level 5 in Bows
 10174 | D:9      | Reached skill level 5 in Throwing
 10174 | D:9      | Reached skill level 5 in Armour
 10174 | D:9      | Reached skill level 5 in Dodging
 10174 | D:9      | Reached skill level 5 in Unarmed Combat
 10174 | D:9      | Reached skill level 5 in Spellcasting
 10174 | D:9      | Reached skill level 5 in Evocations
 10229 | D:9      | Reached **** piety under Dithmenos
 10230 | D:9      | Reached skill level 10 in Fighting
 10388 | D:9      | Identified the +1 ring mail "Ficwel" {Str+3}
 10406 | D:9      | Found a staircase to the Orcish Mines.
 10846 | D:9      | Found Sirinuc's Jewellery Boutique.
 11150 | D:9      | Noticed a death yak
 11163 | D:9      | Killed a death yak
 11164 | D:9      | Reached XP level 11. HP: 32/91 MP: 19/19
 12152 | D:10     | Entered Level 10 of the Dungeon
 12264 | D:10     | Reached skill level 5 in Conjurations
 12264 | D:10     | Reached skill level 5 in Hexes
 12264 | D:10     | Reached skill level 5 in Summonings
 12264 | D:10     | Reached skill level 5 in Necromancy
 12264 | D:10     | Reached skill level 5 in Translocations
 12264 | D:10     | Reached skill level 5 in Transmutations
 12264 | D:10     | Reached skill level 5 in Ice Magic
 12264 | D:10     | Reached skill level 5 in Air Magic
 12264 | D:10     | Reached skill level 5 in Earth Magic
 12264 | D:10     | Reached skill level 5 in Poison Magic
 12518 | D:10     | Found a runed translucent gate.
 12519 | D:10     | Found a runed translucent gate.
 12519 | D:10     | Found a runed translucent gate.
 12520 | D:10     | Noticed kae's ghost (novice NaTm)
 12521 | D:10     | Identified the +9 whip of Vomunesa {elec, Dex+4 Stlth+}
 12608 | D:10     | Noticed a two-headed ogre
 12615 | D:10     | Killed a two-headed ogre
 12624 | D:10     | Reached ***** piety under Dithmenos
 13490 | D:11     | Found a staircase to the Lair.
 13490 | D:11     | Noticed a five-headed hydra
 13520 | D:10     | HP: 2/92 [warg (8)]
 13525 | D:10     | HP: 2/88 [five-headed hydra (1)]
 13550 | D:10     | HP: 4/87 [warg (4)]
 13952 | D:11     | Noticed a cyclops
 14282 | D:11     | Noticed Urug
 14302 | D:10     | Killed a cyclops
 14578 | D:11     | Killed Urug
 15165 | D:11     | Identified a scroll of acquirement
 15165 | D:11     | Acquired the +1 pair of gloves of the Ninety-Nine Beasts
                  | {rPois MP+9}
 15215 | D:11     | Noticed a white ugly thing
 15753 | D:10     | Killed a white ugly thing
 16267 | Lair:1   | Entered Level 1 of the Lair of Beasts
 16346 | Lair:1   | Reached XP level 12. HP: 85/99 MP: 22/22
 16977 | Lair:1   | Learned a level 3 spell: Dazzling Flash
 16987 | Lair:1   | Noticed a four-headed hydra
 17102 | D:11     | Slain by a five-headed hydra

Illustrated notes

Levels and vault maps discovered:
D:1:      minmay_arrival_shoal_huts, layout_loops_ring, item_on_display_a
D:2:      layout_loops_ring, chequers_ecumenical_altar_island, moated_statue,
          hangedman_glass_garden, uniq_terence, uniq_sigmund
D:3:      layout_rooms, old_standard_altar, lemuel_blue_sif_altar
D:4:      layout_basic, chequers_ossuary_entry_cave, minmay_quadrilaterals
D:5:      layout_gridville, chequers_arboretum
D:6:      layout_rooms, uniq_eustachio
D:7:      kennysheep_big_flooded_room, layout_loops_ring,
          minmay_temple_entry_drinking_statues
D:8:      layout_cave_pools, serial_shops, nicolae_shop_waterfront,
          hangedman_decor_growths, uniq_prince_ribbit1
D:9:      layout_irregular_city, david_orc_1_choice, serial_shops, shop_statue,
          serial_ice, serial_ice_j, serial_ice_o, serial_ice_e, serial_ice_f
D:10:     layout_roguey, gammafunk_ghost_nasty_kobolds, serial_ice,
          serial_ice_n, serial_ice_h, serial_ice_i, serial_ice_c, serial_ice_g,
          serial_ice_m, serial_ice_b, serial_ice_a, fountainhead
D:11:     layout_cave_pools, erik_lair_orcish_takeover, uniq_urug
Temple:   regret_index_temple_sigil_plot
Lair:1:   layout_roguey, serial_bayou_shore_a, lemuel_fruit_tree

Skill      XL: |  1  2  3  4  5  6  7  8  9 10 11 12 |
---------------+-------------------------------------+-----
Invocations    | 1 2 3 4 5 6 7 |  7.7
Short Blades   | 1 2 3 4 5 6 7 |  7.0
Long Blades    | 1 2 3 4 5 6 7 |  7.0
Axes           | 1 2 3 4 5 6 7 |  7.0
Maces & Flails | 1 2 3 4 5 6 7 |  7.0
Polearms       | 1 2 3 4 5 6 7 |  7.0
Staves         | 1 2 3 4 5 6 7 |  7.0
Slings         | 1 2 3 4 5 6 7 |  7.0
Bows           | 1 2 3 4 5 6 7 |  7.0
Throwing       | 1 2 3 4 5 6 7 |  7.0
Armour         | 1 2 3 4 5 6 7 |  7.0
Dodging        | 1 2 3 4 5 6 7 |  7.0
Unarmed Combat | 1 2 3 4 5 6 7 |  7.0
Spellcasting   | 1 2 3 4 5 6 7 |  7.0
Evocations     | 1 2 3 4 5 6 7 |  7.0
Crossbows      | 3 4 5 6 7 |  7.5
Shields        | 3 4 5 6 7 |  7.5
Conjurations   | 1 2 3 4 5 |  5.8
Hexes          | 1 2 3 4 5 |  5.8
Summonings     | 1 2 3 4 5 |  5.8
Necromancy     | 1 2 3 4 5 |  5.8
Translocations | 1 2 3 4 5 |  5.8
Transmutations | 1 2 3 4 5 |  5.8
Ice Magic      | 1 2 3 4 5 |  5.8
Air Magic      | 1 2 3 4 5 |  5.8
Earth Magic    | 1 2 3 4 5 |  5.8
Poison Magic   | 1 2 3 4 5 |  5.8
Stealth        | 3 4 5 6 7 |  7.4
Fighting       | 9 10 | 10.9
Fire Magic     | 6 7 8 |  8.1

Action                   |  1- 3 |  4- 6 |  7- 9 | 10-12 || total
-------------------------+-------+-------+-------+-------++-------
Melee: Dagger            |    55 |    19 |    33 |       ||   107
       Bite              |     7 |    17 |    27 |    27 ||    78
       Short sword       |    71 |   162 |       |       ||   233
       Trident           |       |     7 |   190 |       ||   197
       Punch             |       |       |     3 |     7 ||    10
       Rapier            |       |       |    55 |       ||    55
       Hand axe          |       |       |     5 |   204 ||   209
 Fire: Hand crossbow     |    19 |    21 |    59 |     8 ||   107
       Shortbow          |       |       |    89 |   311 ||   400
 Cast: Dazzling Flash    |       |       |       |     3 ||     3
Invok: Shadow Form       |       |       |       |     1 ||     1
Evoke: Wand              |       |     3 |       |     7 ||    10
  Use: Scroll            |       |     8 |     3 |     9 ||    20
       Potion            |       |     2 |     1 |     2 ||     5
 Stab: Sleeping          |     1 |     5 |    10 |     5 ||    21
Armor: Leather armour    |     6 |    53 |    61 |       ||   120
       Ring mail         |     3 |       |       |   101 ||   104
       Scale mail        |    31 |    15 |       |       ||    46
Dodge: Dodged            |    50 |   148 |   237 |   238 ||   673
Block: Buckler           |       |       |       |    11 ||    11

Table legend: (Time is in decaauts)
 A = Elapsed time spent in this place.
 B = Non-inter-level travel time spent in this place.
 C = Inter-level travel time spent in this place.
 D = Time resting spent in this place.
 E = Time spent auto-exploring this place.
 F = Levels seen in this place.
 G = Mean time per level.
                   A        B        C        D        E       F      G
               +--------+--------+--------+--------+--------+-----+--------+
         Total |  17117 |  16252 |    865 |   6365 |   5909 |  14 | 1222.6 |
       Dungeon |  15913 |  15048 |    865 |   6130 |   5534 |  11 | 1446.6 |
        Temple |      1 |      1 |      0 |      0 |      0 |   1 |    1.0 |
          Lair |    820 |    820 |      0 |    235 |    344 |   1 |  820.0 |
       Ossuary |    382 |    382 |      0 |      0 |     31 |   1 |  382.0 |
               +--------+--------+--------+--------+--------+-----+--------+

Top non-repeatable levels by time:
    D:10: 2953 daAuts
     D:9: 2003 daAuts
     D:5: 1516 daAuts
     D:4: 1499 daAuts
     D:6: 1430 daAuts
     D:1: 1270 daAuts
     D:7: 1206 daAuts
     D:2: 1170 daAuts
    D:11: 1160 daAuts
     D:3: 867 daAuts
     D:8: 836 daAuts
  Lair:1: 820 daAuts
 Ossuary: 382 daAuts
  Temple: 1 daAuts
